 Dungeon Crawl Stone Soup version 0.29-a0-802-g34511f41fd (webtiles) character file.

Game seed: 12007578420586364528

9 polve the Trooper (level 2, 0/24 HPs)
             Began as a Demonspawn Abyssal Knight on July 3, 2022.
             Was a Believer of Lugonu.
             Slain by a hobgoblin (3 damage)
             ... on level 1 of the Dungeon.
             The game lasted 00:00:25 (701 turns).

polve the Trooper (Demonspawn Abyssal Knight)        Turns: 701, Time: 00:00:25

Health: 0/24       AC:  3    Str: 13    XL:     2   Next: 3%
Magic:  3/3        EV: 11    Int: 11    God:    Lugonu [**....]
Gold:   32         SH:  0    Dex: 13    Spells: 1/1 levels left

rFire   . . .      SeeInvis .   a - +1 short sword
rCold   . . .      Faith    .   (no shield)
rNeg    . . .      Spirit   .   b - +0 leather armour
rPois   .          Reflect  .   (no helmet)
rElec   .          Harm     .   (no cloak)
rCorr   .          Rampage  .   (no gloves)
Will    .....                   (no boots)
Stlth   +.........              (no amulet)
HPRegen 0.08/turn               (no ring)
MPRegen 0.08/turn               (no ring)

@: no status effects
A: claws 1
a: Renounce Religion, Depart the Abyss, Bend Space


You were on level 1 of the Dungeon.
You worshipped Lugonu.
Lugonu was pleased with you.
You visited 1 branch of the dungeon, and saw 1 of its levels.
You visited the Abyss 1 time.

You collected 32 gold pieces.

Inventory:

Hand Weapons
 a - a +1 short sword (weapon)
Missiles
 d - 2 throwing nets
Armour
 b - a +0 leather armour (worn)
Potions
 c - a potion of resistance {unknown}


   Skills:
 - Level 3.0 Fighting
 + Level 2.5 Short Blades
 - Level 1.7 Armour
 - Level 0.8 Dodging
 - Level 2.4 Invocations


You had one spell level left.
You didn't know any spells.
Your spell library was empty.

Dungeon Overview and Level Annotations

Branches:
Dungeon (1/15)

Altars:


Innate Abilities, Weirdness & Mutations

You have sharp fingernails.


Message History

The hobgoblin hits you. The hobgoblin hits you.
The hobgoblin barely misses you. The hobgoblin hits you.
The hobgoblin closely misses you. The hobgoblin misses you.
The hobgoblin closely misses you. The hobgoblin closely misses you.
The hobgoblin barely misses you.
The hobgoblin hits you but does no damage.
The hobgoblin barely misses you. The hobgoblin hits you.
The hobgoblin closely misses you. The hobgoblin hits you.
The hobgoblin hits you but does no damage.
The hobgoblin barely misses you. The hobgoblin misses you.
The hobgoblin hits you but does no damage.
The hobgoblin barely misses you. The hobgoblin barely misses you.
The hobgoblin closely misses you. The hobgoblin closely misses you.
The hobgoblin closely misses you. The hobgoblin closely misses you.
The hobgoblin hits you.
The hobgoblin hits you but does no damage.
The hobgoblin hits you.
* * * LOW HITPOINT WARNING * * *
The hobgoblin completely misses you. The hobgoblin closely misses you.
The hobgoblin hits you.
* * * LOW HITPOINT WARNING * * *
The hobgoblin closely misses you. The hobgoblin closely misses you.
The hobgoblin barely misses you. The hobgoblin misses you.
The hobgoblin closely misses you. The hobgoblin closely misses you.
The hobgoblin hits you.
You die...

#.....#.#..##.#......#
###..[#.#..##.#......#
..#.#............#
###.#[##.##.#......##
...#................
######.####.##.#.#.#####
.............#.#.#.#
#......g.......#.#.#
##...@.....#...#.#
###.#.##..#.###.#
#.#.##..#.. .#
#.#..#..#### ..##.#..#
.. ....# #.. #.. #.. .>


You could see a hobgoblin.

Vanquished Creatures
  4 endoplasms (D:1)
  A hobgoblin (D:1)
  A kobold (D:1)
  A rat (D:1)
7 creatures vanquished.

Notes
Turn   | Place    | Note
-------+----------+-------------------------------------------
     0 | Abyss:1  | polve the Demonspawn Abyssal Knight began the quest for the
                  | Orb.
     0 | Abyss:1  | Reached XP level 1. HP: 18/18 MP: 2/2
   155 | Abyss:1  | Found a corrupted altar of Lugonu.
   271 | Abyss:1  | Found a corrupted altar of Lugonu.
   272 | D:1      | Escaped the Abyss
   437 | D:1      | Found a faded altar of an unknown god.
   556 | D:1      | Discovered your monstrous ancestry.
   556 | D:1      | Gained mutation: You have sharp fingernails. [demonic
                  | ancestry]
   556 | D:1      | Reached XP level 2. HP: 19/24 MP: 3/3
   701 | D:1      | Slain by a hobgoblin

Illustrated notes

Levels and vault maps discovered:
D:1:      saegor_arrival_simple_b, layout_basic, ebering_ecumenical_altar_ruins

Skill      XL: |  1 |
---------------+----+-----
Short Blades   | 2 |  2.5
Fighting       | |  3.0
Armour         | |  1.7
Dodging        | |  0.8
Invocations    | |  2.4

Action                   || total
-------------------------++-------
Melee: Short sword       ||    25
       Punch             ||     1
Invok: Depart the Abyss  ||     1
Armor: Leather armour    ||    13
Dodge: Dodged            ||    44

Table legend: (Time is in decaauts)
 A = Elapsed time spent in this place.
 B = Non-inter-level travel time spent in this place.
 C = Inter-level travel time spent in this place.
 D = Time resting spent in this place.
 E = Time spent auto-exploring this place.
 F = Levels seen in this place.
 G = Mean time per level.
                   A        B        C        D        E       F      G
               +--------+--------+--------+--------+--------+-----+--------+
         Total |    700 |    700 |      0 |      0 |    578 |   2 |  350.0 |
       Dungeon |    428 |    428 |      0 |      0 |    308 |   1 |  428.0 |
         Abyss |    272 |    272 |      0 |      0 |    270 |   1 |  272.0 |
               +--------+--------+--------+--------+--------+-----+--------+

Top non-repeatable levels by time:
     D:1: 428 daAuts
 Abyss:1: 272 daAuts
